 Dungeon Sprint DCSS version 0.28.0-53-g5a82cb258f (webtiles) character file.

Game seed: 16267978379446329644

3100000 Zeld the Axe Maniac (level 19, -19/174 HPs)
             Began as a Djinni Monk on June 5, 2022.
             Was the Champion of Makhleb.
             Demolished by a meat berserker
             ... wielding a +9 battleaxe
              (40 damage)
             ... in the Dungeon (Sprint VIII: "Arena of Blood").
             The game lasted 00:00:59 (31 turns).

Zeld the Axe Maniac (Djinni Monk)                     Turns: 31, Time: 00:00:59

Health: -19/174    AC:  2    Str: 16    XL:     19   Next: 53%
Gold:   0          EV: 31    Int: 11    God:    Makhleb [******] SH:  0 Dex: 19

rFire   + + .      SeeInvis .   g - +∞ Axe of Woe
rCold   x . .      Faith    .   (shield currently unavailable)
rNeg    . . .      Spirit   .   a - +0 robe
rPois   ∞          Reflect  .   (no helmet)
rElec   .          Harm     .   (no cloak)
rCorr   .          Rampage  .   (no gloves)
Will    +....      NoTele   +   (boots unavailable)
Stlth   +++++.....              (no amulet)
HPRegen 0.39/turn               (no ring)
MPRegen 0.00/turn               (no ring)

@: flying
A: sickness immunity, fire resistance 2, cold vulnerability 1, float, innate
caster, HP casting, extra vitality 1
a: Renounce Religion, Minor Destruction, Lesser Servant of Makhleb, Major
Destruction, Greater Servant of Makhleb


You were in the Dungeon.
You worshipped Makhleb.
Makhleb was exalted by your worship.
You visited 1 branch

Inventory:

Hand Weapons
 g - the +∞ Axe of Woe (weapon)
   (You found it in the Dungeon)
Armour
 a - a +0 robe (worn)
Scrolls
 f - a scroll of blinking
Potions
 b - a potion of curing
 c - a potion of heal wounds
 d - a potion of haste
 e - a potion of berserk rage


   Skills:
 O Level 27 Fighting
 O Level 27 Axes
 O Level 27 Dodging
 + Level 10.4 Stealth
 - Level 3.0 Unarmed Combat
 * Level 21.0 Spellcasting
 * Level 26.6 Invocations


You had 23 spell levels left.
You knew the following spells:

 Your Spells              Type           Power      Damage    Failure   Level
a - Slow                  Hex            100%       N/A       0%          1
b - Scorch                Fire           100%       2d10      0%          2
c - Ozocubu's Armour      Ice            55%        N/A       0%          3
d - Swiftness             Air            55%        N/A       0%          3
e - Hailstorm             Conj/Ice       55%        3d12      0%          4
f - Yara's Violent Unrav  Hex/Tmut       27%        3d12      1%          5
g - Summon Cactus Giant   Summ           27%        N/A       1%          6
h - Malign Gateway        Summ/Tloc      27%        N/A       1%          7
i - Statue Form           Tmut/Erth      36%        N/A       1%          6
Your spell library was empty.

Dungeon Overview and Level Annotations

Branches:
Dungeon (1/1)

Altars:
Makhleb

Annotations:
D The Servant


Innate Abilities, Weirdness & Mutations

You are immune to sickness and miasma.
You are immune to poison.
Your flesh is very heat resistant. (rF++)
You are vulnerable to cold. (rC-)
You float through the air rather than walking.
You learn spells naturally, not from books.
Your magical power is your life essence.
You have superior vitality. (+4 MHP)


Message History

Makhleb accepts your kill.
You feel better.
The large bag of meat explodes!
The fiery explosion engulfs you. You resist.
You are engulfed in blazing flames.
You resist.
You hear a shout! x10
The Servant hits you from afar with a +9 glaive of flaming!!
The Servant burns you.
You hear a shout! x4
The destroyer points at you and mumbles some strange words.
The destroyer blinks!
A meat berserker comes into view. It is wielding a +9 battleaxe.
You hear a shout!
A bag of meat comes into view. It is wielding a +9 war axe.
The meat berserker is engulfed in blazing flames.
The meat berserker rages.
You hear a shout! x3
You have mastered Fighting!
You have mastered Dodging!
Your Spellcasting skill increases to level 21!
Your Invocations skill increases to level 26!
Unknown command.
Unknown command.
A meat berserker and 5 bags of meat come into view.
The destroyer appears out of thin air!
A destroyer comes into view. It is wielding a +9 vorpal great sword.
You are engulfed in blazing flames.
You resist.
The meat berserker shouts!
You hear a shout! x4
The meat berserker is engulfed in blazing flames.
You hear a shout! x8
A destroyer comes into view. It is wielding a +9 vorpal great sword.
You hear a shout!
The Servant hits you with a +9 glaive of flaming!!!!
Ouch! That really hurt!
* * * LOW HITPOINT WARNING * * *
The Servant burns you!
* * * LOW HITPOINT WARNING * * *
You hear a shout! x2
The meat berserker is engulfed in blazing flames.
The meat berserker hits you with a +9 battleaxe!!!
You die...

#. ..# #.. ...#
.###.. ...###. .
.o....###........
...o.O§_.........
....#OVO..#....V.
. #§§§§§# .....
..#§)§O§#......
....☼§O§@..o....
.....§###o@......
.###.. o..###.o.
#V. ....# ..
#..o....#
....O....
.V...o...
....o.....


You could see The Servant, 3 destroyers, 6 meat berserkers and 8 bags of meat.

Vanquished Creatures
  2 vampire knights (D)
  5 ogres (D)
  2 two-headed ogres (D)
  12 orcs (D)
21 creatures vanquished.

Notes
Turn   | Place    | Note
-------+----------+-------------------------------------------
     0 | D        | Found the +∞ Axe of Woe
     0 | D        | Zeld the Djinni Monk began the quest for the Orb.
     0 | D        | Reached XP level 1. HP: 20/20 MP: 0/0
     4 | D        | Became a worshipper of Makhleb the Destroyer
     4 | D        | Reached * piety under Makhleb
     4 | D        | Reached ** piety under Makhleb
     5 | D        | Noticed a bag of meat
     6 | D        | Noticed a bag of meat
     6 | D        | Noticed a bag of meat
     9 | D        | Killed a bag of meat
     9 | D        | Noticed a meat berserker
     9 | D        | Noticed a bag of meat
    10 | D        | Reached XP level 2. HP: 39/39 MP: 0/0
    10 | D        | Reached XP level 3. HP: 44/44 MP: 0/0
    10 | D        | Learned a level 1 spell: Slow
    10 | D        | Reached XP level 4. HP: 50/50 MP: 0/0
    10 | D        | Reached XP level 5. HP: 56/56 MP: 0/0
    10 | D        | Learned a level 2 spell: Scorch
    10 | D        | Reached XP level 6. HP: 62/62 MP: 0/0
    10 | D        | Reached XP level 7. HP: 67/67 MP: 0/0
    10 | D        | Learned a level 3 spell: Ozocubu's Armour
    10 | D        | Reached XP level 8. HP: 74/74 MP: 0/0
    10 | D        | Reached XP level 9. HP: 78/78 MP: 0/0
    10 | D        | Learned a level 3 spell: Swiftness
    10 | D        | Reached XP level 10. HP: 85/85 MP: 0/0
    10 | D        | Reached XP level 11. HP: 90/90 MP: 0/0
    10 | D        | Learned a level 4 spell: Hailstorm
    10 | D        | Noticed a bag of meat
    10 | D        | Noticed a bag of meat
    11 | D        | Killed a bag of meat
    12 | D        | Reached skill level 15 in Dodging
    12 | D        | Reached skill level 5 in Stealth
    12 | D        | Reached skill level 10 in Spellcasting
    12 | D        | Reached XP level 12. HP: 101/101 MP: 0/0
    13 | D        | Noticed a bag of meat
    13 | D        | Noticed a bag of meat
    14 | D        | Killed a meat berserker
    15 | D        | Reached XP level 13. HP: 111/111 MP: 0/0
    15 | D        | Learned a level 5 spell: Yara's Violent Unravelling
    15 | D        | Killed a bag of meat
    15 | D        | Reached *** piety under Makhleb
    15 | D        | Noticed a bag of meat
    15 | D        | Noticed a meat berserker
    15 | D        | Noticed a meat berserker
    16 | D        | Reached skill level 15 in Invocations
    16 | D        | Reached XP level 14. HP: 119/119 MP: 0/0
    16 | D        | Killed a bag of meat
    16 | D        | Killed a bag of meat
    16 | D        | Killed a bag of meat
    16 | D        | Reached **** piety under Makhleb
    16 | D        | Noticed a bag of meat
    16 | D        | Noticed a bag of meat
    17 | D        | Reached skill level 15 in Axes
    17 | D        | Reached XP level 15. HP: 129/129 MP: 0/0
    17 | D        | Learned a level 6 spell: Summon Cactus Giant
    18 | D        | Noticed a destroyer
    19 | D        | Killed a meat berserker
    20 | D        | Reached skill level 15 in Spellcasting
    20 | D        | Reached XP level 16. HP: 140/140 MP: 0/0
    20 | D        | Noticed a destroyer
    20 | D        | Noticed a meat berserker
    20 | D        | Killed a meat berserker
    20 | D        | Reached ***** piety under Makhleb
    22 | D        | Reached XP level 17. HP: 149/149 MP: 0/0
    22 | D        | Learned a level 7 spell: Malign Gateway
    22 | D        | Noticed a large bag of meat
    23 | D        | Noticed a meat berserker
    25 | D        | Noticed a meat berserker
    26 | D        | Killed a destroyer
    26 | D        | Killed a meat berserker
    26 | D        | Killed a large bag of meat
    26 | D        | Noticed a destroyer
    26 | D        | Noticed a meat berserker
    26 | D        | Noticed a large bag of meat
    26 | D        | Noticed a meat berserker
    27 | D        | Reached XP level 18. HP: 149/163 MP: 0/0
    27 | D        | Killed a meat berserker
    27 | D        | Killed a destroyer
    27 | D        | Reached ****** piety under Makhleb
    27 | D        | Noticed a meat berserker
    27 | D        | Noticed The Servant
    28 | D        | Reached skill level 27 in Axes
    28 | D        | Reached skill level 10 in Stealth
    28 | D        | Reached XP level 19. HP: 171/173 MP: 0/0
    28 | D        | Learned a level 6 spell: Statue Form
    30 | D        | Killed a large bag of meat
    30 | D        | Noticed a meat berserker
    31 | D        | Reached skill level 27 in Fighting
    31 | D        | Reached skill level 27 in Dodging
    31 | D        | Noticed a meat berserker
    31 | D        | Noticed a destroyer
    31 | D        | Demolished by a meat berserker

Illustrated notes

Levels and vault maps discovered:
D:        meatsprint

Skill      XL: |  1  2  3  4  5  6  7  8  9 10 11 12 13 14 15 16 17 18 19 |
---------------+----------------------------------------------------------+-----
Fighting       | 12 14 16 17 19 21 22 25 26 27 | 27.0
Axes           | 9 11 13 15 17 20 25 27 | 27.0
Dodging        | 13 15 18 20 22 24 25 26 27 | 27.0
Stealth        | 4 5 6 7 8 9 10 | 10.4
Spellcasting   | 8 10 11 12 13 15 16 18 20 21 | 21.0
Invocations    | 11 12 14 15 17 19 21 23 25 26 | 26.6
Unarmed Combat | |  3.0

Action                   |  1- 3 |  4- 6 |  7- 9 | 10-12 | 13-15 | 16-18 | 19-21 || total
-------------------------+-------+-------+-------+-------+-------+-------+-------++-------
Melee: Executioner's axe |     1 |       |       |     2 |     3 |     6 |     1 ||    13
 Cast: Hailstorm         |       |       |       |     1 |       |       |       ||     1
       Slow              |       |       |       |       |     1 |       |       ||     1
       Yara's Violent Un |       |       |       |       |     1 |       |       ||     1
       Summon Cactus Gia |       |       |       |       |       |     1 |       ||     1
Dodge: Dodged            |       |       |       |       |       |     1 |       ||     1
